 Dungeon Crawl Stone Soup version 0.28-a0-938-gbc3f381ebc (webtiles) character file.

Game seed: 9029816662702370827

11 mcbry74 the Skirmisher (level 2, -1/26 HPs)
             Began as a Hill Orc Fighter on Nov 28, 2021.
             Killed from afar by Sigmund (6 damage)
             ... with a puff of flame
             ... on level 2 of the Dungeon.
             The game lasted 00:02:29 (342 turns).

mcbry74 the Skirmisher (Hill Orc Fighter)            Turns: 342, Time: 00:02:30

Health: -1/26      AC:  6    Str: 18    XL:     2   Next: 25%
Magic:  2/2        EV:  9    Int:  8    God:
Gold:   49         SH:  4    Dex: 10    Spells: 1/1 levels left

rFire   . . .      SeeInvis .   a - +0 war axe
rCold   . . .      Faith    .   c - +0 buckler
rNeg    . . .      Spirit   .   b - +0 scale mail
rPois   .          Reflect  .   (no helmet)
rElec   .          Harm     .   (no cloak)
rCorr   .          Rampage  .   (no gloves)
Will    .....                   (no boots)
Stlth   ..........              (no amulet)
HPRegen 0.08/turn               (no ring)
MPRegen 0.08/turn               (no ring)

@: mighty
A: no striking features
a: no special abilities


You were on level 2 of the Dungeon.
You visited 1 branch of the dungeon, and saw 2 of its levels.

You collected 49 gold pieces.

Inventory:

Hand Weapons
 a - a +0 war axe (weapon)
Missiles
 e - 9 poisoned darts (quivered)
Armour
 b - a +0 scale mail (worn)
 c - a +0 buckler (worn)


   Skills:
 - Level 3.6 Fighting
 * Level 3.5 Axes
 + Level 3.5 Armour
 - Level 3.2 Shields


You had one spell level left.
You didn't know any spells.
Your spell library was empty.

Dungeon Overview and Level Annotations

Branches:
Dungeon (2/15)

Altars:

Annotations:
D:2 Sigmund


Message History

Found a spear.
Found 13 arrows.
Found a stone staircase leading down.
There is a stone staircase leading down here.
Number of times to repeat, then command key: You must enter the number of times for the command to repeat.
Welcome back, mcbry74 the Hill Orc Fighter.
Press ? for a list of commands and other information.
You climb downwards.
There is a stone staircase leading up here.
Sorry, you're not good enough to have a special ability.
You feel very mighty all of a sudden.
Throw: 10 darts (poison)
Press: ? - help, Q - select action Shift-Dir - straight line, f - Sigmund
Aim: Sigmund, wielding a +0 scythe and wearing a +0 robe (52% to hit)
You throw a poisoned dart.
The poisoned dart barely misses Sigmund.
Sigmund points at you and mumbles some strange words.
The magic dart hits you. Sigmund hits you but does no damage.
Your scale mail prevents you from hitting Sigmund.
Sigmund gestures at you while chanting. You resist with significant effort.
You closely miss Sigmund.
Sigmund casts a spell.
Sigmund flickers and vanishes!
Deactivating autopickup; reactivate with Ctrl-A.
Something hits you.
You slash something!
You hear some strange, mumbled words.
A magic dart appears from out of thin air!
The magic dart hits you.
You slash something! Something hits you!
* * * LOW HITPOINT WARNING * * *
You closely miss something. Something hits you but does no damage.
There is a stone staircase leading up here.
You hear some strange, mumbled words.
A puff of flame appears from out of thin air!
The puff of flame hits you.
You die...

### ##.##
##...######
#...(......
#.{.# #...#
#.@.# #...#
....##
######


There were no monsters in sight!

Vanquished Creatures
  An endoplasm (D:1)
  2 giant cockroaches (D:1)
  2 hobgoblins (D:1)
  2 quokkas (D:1)
  A frilled lizard (D:1)
  A kobold (D:1)
9 creatures vanquished.

Vanquished Creatures (others)
  A plant (D:1)
1 creature vanquished.

Grand Total: 10 creatures vanquished

Notes
Turn   | Place    | Note
-------+----------+-------------------------------------------
     0 | D:1      | mcbry74 the Hill Orc Fighter began the quest for the Orb.
     0 | D:1      | Reached XP level 1. HP: 19/19 MP: 1/1
   212 | D:1      | Reached XP level 2. HP: 26/26 MP: 2/2
   330 | D:2      | Noticed Sigmund
   342 | D:2      | Killed from afar by Sigmund

Illustrated notes

Levels and vault maps discovered:
D:1:      mrwooster_arrival_statue_3, layout_loops_ring,
          hellmonk_ecumenical_altar_heavens_door, serial_bayou,
          serial_bayou_pond_a, serial_bayou_lake_a, serial_bayou_shore_b,
          serial_bayou_lagoon_a, minmay_misc_feat_cross,
          minmay_worlds_worst_comb
D:2:      layout_loops_corners, uniq_sigmund, uniq_crazy_yiuf_cottage,
          uniq_terence, uniq_robin

Skill      XL: |  1 |
---------------+----+-----
Axes           | 3 |  3.5
Fighting       | |  3.6
Armour         | |  3.5
Shields        | |  3.2

Action                   || total
-------------------------++-------
Melee: War axe           ||    19
Throw: Dart              ||     1
  Use: Potion            ||     1
Armor: Scale mail        ||     4
Dodge: Dodged            ||     4
Block: Buckler           ||     3

Table legend: (Time is in decaauts)
 A = Elapsed time spent in this place.
 B = Non-inter-level travel time spent in this place.
 C = Inter-level travel time spent in this place.
 D = Time resting spent in this place.
 E = Time spent auto-exploring this place.
 F = Levels seen in this place.
 G = Mean time per level.
                   A        B        C        D        E       F      G
               +--------+--------+--------+--------+--------+-----+--------+
         Total |    356 |    356 |      0 |      0 |    281 |   2 |  178.0 |
       Dungeon |    356 |    356 |      0 |      0 |    281 |   2 |  178.0 |
               +--------+--------+--------+--------+--------+-----+--------+

Top non-repeatable levels by time:
     D:1: 342 daAuts
     D:2: 13 daAuts
